 Dungeon Crawl Stone Soup version 0.30-a0-639-g3916f1956a (webtiles) character file.

Game seed: 6018542190837733847

73192 browni3141 the Imperceptible (level 15, -5/96 HPs)
             Began as a Kobold Brigand on Jan 15, 2023.
             Was a High Priest of Wu Jian.
             Slain by a minotaur
             ... wielding a +1 trident of venom
              (19 damage)
             ... in a Gauntlet.
             The game lasted 00:54:36 (24366 turns).

browni3141 the Imperceptible (Kobold Brigand)      Turns: 24366, Time: 00:54:37

Health: -5/96      AC: 18    Str: 10    XL:     15   Next: 89%
Magic:  15/15      EV: 26    Int: 12    God:    Wu Jian [*****.]
Gold:   1443       SH:  6    Dex: 19    Spells: 14/14 levels left

rFire   . . .      SeeInvis .    b - +0 rapier (flame)
rCold   + . .      Faith    .    M - +0 buckler {rN+}
rNeg    + + +      Spirit   .    I - +0 troll leather armour
rPois   +          Reflect  .    o - +2 hat {Will+}
rElec   .          Harm     .    y - scarf {repulsion}
rCorr   .          Rampage  .    j - +2 pair of gloves
Will    ++...      NoTele   +    V - +0 pair of boots
Stlth   +++++++++                t - amulet of the acrobat
HPRegen 1.16/turn                r - +4 ring of protection
MPRegen 0.14/turn                X - ring "Ezian" {rPois rC+ rN++ AC+4 Dex-4}

@: exhausted, repel missiles
A: small, no large weapons, nightstalker 3
a: Renounce Religion, Wall Jump, Serpent's Lash, Heavenly Storm


You were in a Gauntlet.
You worshipped Wu Jian.
Wu Jian was extremely pleased with you.
You visited 4 branches of the dungeon, and saw 20 of its levels.
You also visited: Bailey, Gauntlet and Volcano.

You collected 2181 gold pieces.
You spent 738 gold pieces at shops.

Inventory:

Hand Weapons
 a - a +2 dagger of venom
 b - a +0 rapier of flaming (weapon)
Missiles
 d - 46 poisoned darts (quivered)
 e - 6 curare-tipped darts
 E - 4 atropa-tipped darts
 L - a throwing net
Armour
 c - a +0 cloak
 j - a +2 pair of gloves (worn)
 o - a +2 hat of willpower (worn)
 y - a scarf of repulsion (worn)
 z - the +2 hat of Hangman {rElec rPois rN++ Slay-5}
   (You found it in a Gauntlet)

   Slay:      It affects your accuracy & damage with ranged weapons and melee
   (-5).
   rElec:     It insulates you from electricity.
   rPois:     It protects you from poison.
   rN:        It greatly protects you from negative energy.
 I - a +0 troll leather armour (worn)
 M - a +0 buckler of positive energy (worn)
 V - a +0 pair of boots (worn)
Jewellery
 q - a ring of magical power
 r - a +4 ring of protection (left hand)
 t - an amulet of the acrobat (around neck)
 X - the ring "Ezian" (right hand) {rPois rC+ rN++ AC+4 Dex-4}
   (You found it on level 4 of the Lair of Beasts)

   [ring of protection]

   AC:        It affects your AC (+4).
   Dex:       It affects your dexterity (-4).
   rC:        It protects you from cold.
   rPois:     It protects you from poison.
   rN:        It greatly protects you from negative energy.
 Y - a ring of flight
Wands
 f - a wand of paralysis (24)
 k - a wand of polymorph (24)
 F - a wand of iceblast (23)
 N - a wand of digging (3)
 Q - a wand of mindburst (11)
 R - a wand of flame (20)
Scrolls
 g - a scroll of poison
 i - 5 scrolls of magic mapping
 l - 5 scrolls of immolation
 p - 5 scrolls of blinking
 u - 4 scrolls of torment
 v - 7 scrolls of teleportation
 C - 4 scrolls of fear
 D - a scroll of silence
 J - a scroll of butterflies {unknown}
 K - 3 scrolls of fog {unknown}
 O - 2 scrolls of vulnerability {unknown}
 S - 3 scrolls of enchant weapon {unknown}
Potions
 h - 4 potions of brilliance
 m - 3 potions of flight
 n - 3 potions of lignification
 s - 5 potions of heal wounds
 w - a potion of might {unknown}
 x - 4 potions of mutation
 A - 10 potions of haste
 B - 7 potions of curing
 G - 2 potions of attraction {unknown}
 H - a potion of berserk rage {unknown}
 P - a potion of resistance {unknown}
 U - a potion of ambrosia {unknown}
 Z - a potion of cancellation {unknown}


   Skills:
 + Level 12.0 Fighting
 + Level 11.3 Short Blades
 - Level 2.3 Throwing
 * Level 17.5 Dodging
 * Level 21.1 Stealth
 - Level 4.0 Shields
 + Level 11.0 Evocations


You had 14 spell levels left.
You didn't know any spells.
Your spell library contained the following spells:

 Spells                   Type           Power      Damage    Failure   Level
 Magic Dart               Conj           0%         1d3       54%         1
 Call Imp                 Summ           0%         N/A       69%         2
 Gell's Gravitas          Tloc           0%         N/A       89%         3
 Hailstorm                Conj/Ice       0%         3d3       89%         3
 Ignite Poison            Fire/Tmut/Pois 0%         N/A       89%         3
 Kindle Blastsparks       Fire/Tloc/Air  0%         2d10      89%         3
 Mephitic Cloud           Conj/Pois/Air  0%         N/A       89%         3
 Teleport Other           Tloc           0%         N/A       89%         3
 Fulminant Prism          Conj/Hex       0%         3d5       100%        4
 Ice Form                 Ice/Tmut       0%         N/A       100%        4
 Iskenderun's Mystic Bla  Conj/Tloc      0%         2d3       100%        4
 Passage of Golubria      Tloc           0%         N/A       100%        4
 Petrify                  Tmut/Erth      0%         N/A       100%        4
 Freezing Cloud           Conj/Ice/Air   0%         6-21      100%        5
 Lee's Rapid Deconstruct  Erth           0%         3d4*      100%        5
 Metabolic Englaciation   Hex/Ice        0%         N/A       100%        5
 Silence                  Hex/Air        0%         N/A       100%        5
 Dispersal                Tloc           0%         N/A       100%        6
 Simulacrum               Ice/Necr       0%         N/A       100%        6
 Statue Form              Tmut/Erth      0%         N/A       100%        6
 Lehudib's Crystal Spear  Conj/Erth      0%         10d2      100%        8


Dungeon Overview and Level Annotations

Branches:
Dungeon (12/15)            Temple (1/1) D:7            Lair (5/5) D:8
 Shoals (0/4) Lair:3        Snake (0/4) Lair:2        Slime (0/5) Lair:4
    Orc (2/2) D:10            Elf (0/3) Orc:2        Bailey (visited)
Volcano (visited)         Gauntlet (1/1)

Altars:
Ashenzari
Cheibriados
Dithmenos
Elyvilon
Fedhas
Gozag
Hepliaklqana
Kikubaaqudgha
Makhleb
Nemelex Xobeh
Okawaru
Qazlal
Ru
Sif Muna
Trog
Uskayaw
Vehumet
Wu Jian
Xom
Yredelemnul
Zin
The Shining One
Jiyva

Shops:
D:4 (   D:5 *   D:10 !   Orc:2 ?:*(

Portals:
Abyss: D:3
Pandemonium: Orc:2

Annotations:
D:3 2 transporters, NinjaNoafa's ghost, amateur HOFi
D:9 3 transporters
Lair:1 3 runed translucent doors, wormed's ghost, journeyman OpTm
Lair:5 1 exclusion Gauntlet 6 transporters, 1 runed translucent door, exclusion: ice statue


Innate Abilities, Weirdness & Mutations

You are small and have problems with some larger weapons.
You are completely attuned to the shadows.


Message History

The minotaur is almost dead.
You feel sick. The minotaur closely misses you.
The minotaur gores you but does no damage.
Things that are here:
a staff of fire; a +0 ring mail of fire resistance; a merfolk skeleton You spin and attack the minotaur repeatedly.
You barely miss the minotaur.
The minotaur is almost dead.
You hit the minotaur but do no damage.
The minotaur is almost dead.
You feel sick.
The minotaur hits you with a +1 trident of venom!
The minotaur closely misses you.
You spin and attack the minotaur.
You hit the minotaur but do no damage.
The minotaur is almost dead.
You feel sick. The minotaur misses you. The minotaur gores you.
Things that are here:
a staff of fire; a +0 ring mail of fire resistance; a merfolk skeleton You spin and attack the minotaur.
You hit the minotaur but do no damage.
The minotaur is almost dead.
You feel sick.
The minotaur hits you with a +1 trident of venom.
The minotaur gores you.
You spin and attack the minotaur repeatedly.
You hit the minotaur but do no damage.
The minotaur is almost dead.
You hit the minotaur. You burn the minotaur.
The minotaur is almost dead.
You feel sick.
You are no longer poisoned.
The minotaur hits you with a +1 trident of venom!!
* * * LOW HITPOINT WARNING * * *
You are lethally poisoned!
The minotaur gores you.
* * * LOW HITPOINT WARNING * * *
Things that are here:
a staff of fire; a +0 ring mail of fire resistance; a merfolk skeleton You feel better.
The minotaur hits you with a +1 trident of venom!!
You die...

##..# #≈§.# ##.§# ...
. #≈..# ..#.# ###..#
#########.#.#....#..#
#8!8[8.8#...#...©#..#
#∩.H....'.###....#...
#8|8@8.8#...#....#.∩.
#########.#.#...©#..#
...#.#....#..#
.........###..#
.##.###..##§..# ...
....###§.# ##
###..##§§.# ######§.#
#≈..#


You could see a minotaur (poisoned).

Vanquished Creatures
  Gastronok (D:11)
  A dire elephant (Lair:5)
  3 hydras
  2 vault guards (Bailey)
  A catoblepas (Lair:5)
  Harold (Orc:1)
  2 demonspawn (Orc:2)
  3 two-headed ogres
  A deep troll shaman (Lair:5)
  10 death yaks
  5 orc high priests
  A sun demon (Orc:2)
  Sonja (Lair:1)
  A hell knight (Volcano)
  A salamander mystic (Volcano)
  A wizard (Gauntlet)
  6 orc knights
  A lindwurm (Lair:5)
  A wolf spider (D:10)
  4 salamanders (Volcano)
  9 orc sorcerers
  2 cyclopes
  9 elephants (Lair:5)
  6 black mambas
  Maurice (D:11)
  A torpor snail (Lair:2)
  2 molten gargoyles (Volcano)
  15 cane toads
  A rime drake (Lair:4)
  6 komodo dragons
  2 kobold demonologists (D:10)
  An unseen horror (D:11)
  Psyche (D:9)
  A red devil (Orc:2)
  7 hornets
  5 trolls
  3 meliai (Gauntlet)
  3 polar bears
  2 blink frogs
  Prince Ribbit (D:5)
  A wraith (D:9)
  A ynoxinul (Orc:2)
  60 yaks
  A fire bat (Volcano)
  4 wyverns
  6 humans (Bailey)
  4 basilisks
  A neqoxec (Orc:2)
  2 steam dragons
  5 nagas (Lair:2)
  6 wargs (Orc:1)
  2 acid dragons
  Edmund (D:6)
  12 water moccasins
  A sky beast (D:7)
  7 black bears
  29 orc warriors
  6 ogres
  11 wolves
  4 centaurs
  5 phantoms
  6 kobold brigands
  20 bullfrogs
  2 necrophages (D:6)
  A gnoll sergeant (D:9)
  3 scorpions (D:5)
  23 wights
  12 killer bees
  3 electric eels (D:11)
  A howler monkey (D:5)
  3 hounds
  29 orc priests
  2 gnoll boudas
  Jessica (D:2)
  3 iguanas
  18 orc wizards
  11 adders
  17 gnolls
  3 shadow imps (Gauntlet)
  2 ufetubi
  2 worms (D:2)
  A dart slug (D:3)
  100 orcs
  2 bats
  7 endoplasms
  5 giant cockroaches
  16 goblins
  9 hobgoblins
  13 jackals
  18 kobolds
  6 quokkas
  8 ball pythons
  3 frilled lizards (D:1)
  9 rats
653 creatures vanquished.

Vanquished Creatures (others)
  52 fungi
  40 plants
92 creatures vanquished.

Grand Total: 745 creatures vanquished

Notes
Turn   | Place    | Note
-------+----------+-------------------------------------------
     0 | D:1      | browni3141 the Kobold Brigand began the quest for the Orb.
     0 | D:1      | Reached XP level 1. HP: 12/12 MP: 1/1
   109 | D:1      | Reached XP level 2. HP: 8/18 MP: 2/2
   345 | D:1      | Reached XP level 3. HP: 20/22 MP: 3/3
  1242 | D:2      | Noticed Jessica
  1249 | D:2      | Killed Jessica
  1250 | D:2      | Reached skill level 6 in Stealth
  1250 | D:2      | Reached XP level 4. HP: 27/27 MP: 4/4
  1994 | D:3      | Reached XP level 5. HP: 30/32 MP: 5/5
  2474 | D:3      | Reached XP level 6. HP: 37/37 MP: 6/6
  2480 | D:3      | Found a transporter.
  2517 | D:3      | Found a transporter.
  2518 | D:3      | Found a one-way gate to the infinite horrors of the Abyss.
  2518 | D:3      | Noticed NinjaNoafa's ghost (amateur HOFi)
  2601 | D:3      | Reached skill level 7 in Stealth
  2754 | D:3      | Found a faded altar of an unknown god.
  2976 | D:3      | Found an ancient bone altar of Kikubaaqudgha.
  3471 | D:4      | Found Geed Dyo's Weapon Shop.
  3778 | D:4      | Found an iron altar of Okawaru.
  3794 | D:4      | Noticed a black bear
  3817 | D:4      | Killed a black bear
  3818 | D:4      | Reached XP level 7. HP: 34/42 MP: 7/7
  3888 | D:4      | Reached skill level 8 in Stealth
  3888 | D:4      | Reached skill level 1 in Evocations
  3902 | D:4      | Reached skill level 5 in Dodging
  4549 | D:4      | Reached skill level 5 in Short Blades
  4619 | D:5      | Entered Level 5 of the Dungeon
  4638 | D:5      | Noticed Prince Ribbit
  4642 | D:5      | Killed Prince Ribbit
  4643 | D:5      | Reached XP level 8. HP: 48/48 MP: 8/8
  4733 | D:5      | Found a shadowy altar of Dithmenos.
  4796 | D:5      | Reached skill level 9 in Stealth
  5265 | D:5      | Reached XP level 9. HP: 42/52 MP: 9/9
  5590 | D:5      | Found Tipemy Inueh's General Store.
  5754 | D:5      | Found a glowing silver altar of Zin.
  5986 | D:6      | Reached skill level 5 in Fighting
  5986 | D:6      | Reached skill level 10 in Stealth
  5986 | D:6      | Reached skill level 5 in Evocations
  6153 | D:6      | Found a white marble altar of Elyvilon.
  6155 | D:6      | Noticed Edmund
  6156 | D:6      | Found a glowing golden altar of the Shining One.
  6157 | D:6      | Found a snail-covered altar of Cheibriados.
  6157 | D:6      | Found a broken altar of Ashenzari.
  6170 | D:6      | Killed Edmund
  6769 | D:7      | Found a staircase to the Ecumenical Temple.
  6779 | Temple   | Entered the Ecumenical Temple
  6790 | Temple   | Became a worshipper of the Wu Jian Council
  6969 | D:7      | Identified the +8 long sword of Zuileosch {heavy, rN+ Str+2
                  | Dex+2}
  7325 | D:7      | Noticed a manticore
  7326 | D:7      | Noticed a troll
  7546 | D:7      | Reached skill level 11 in Stealth
  7639 | D:7      | Reached XP level 10. HP: 38/59 MP: 10/10
  8433 | D:8      | Noticed a two-headed ogre
  8536 | D:8      | Reached skill level 12 in Stealth
  8546 | D:8      | Reached * piety under Wu Jian
  8716 | D:8      | Found a flagged portal.
  8758 | D:8      | Reached skill level 10 in Dodging
  8782 | Bailey   | Entered a bailey
  8789 | Bailey   | Reached skill level 13 in Stealth
  8815 | Bailey   | Reached ** piety under Wu Jian
  8825 | Bailey   | Reached XP level 11. HP: 50/66 MP: 11/11
  8945 | Bailey   | Noticed a vault guard
  8948 | Bailey   | Killed a vault guard
  8949 | Bailey   | Reached skill level 14 in Stealth
  8994 | Bailey   | Noticed a vault guard
  8997 | Bailey   | Killed a vault guard
  9219 | D:8      | Killed a two-headed ogre
  9399 | D:8      | Found a staircase to the Lair.
  9636 | D:9      | Noticed Psyche
  9638 | D:9      | Killed Psyche
  9684 | D:9      | Reached *** piety under Wu Jian
  9694 | D:9      | Reached skill level 15 in Stealth
  9816 | D:9      | Found a transporter.
  9851 | D:9      | Found a transporter.
  9871 | D:9      | Found a radiant altar of Vehumet.
 10105 | D:9      | Reached XP level 12. HP: 65/68 MP: 12/12
 10367 | D:9      | Reached **** piety under Wu Jian
 10381 | D:9      | Reached skill level 10 in Short Blades
 10399 | D:9      | Found a transporter.
 10399 | D:9      | Found a transporter.
 10752 | D:10     | Entered Level 10 of the Dungeon
 11095 | D:10     | Found Caapn's Distillery.
 11109 | D:10     | Bought a potion of curing for 36 gold pieces
 11199 | D:10     | Found a staircase to the Orcish Mines.
 11350 | D:10     | Reached skill level 16 in Stealth
 11727 | Lair:1   | Entered Level 1 of the Lair of Beasts
 11766 | Lair:1   | Noticed a minotaur
 11767 | Lair:1   | Noticed wormed's ghost (journeyman OpTm)
 11937 | Lair:1   | Noticed Sonja
 11938 | Lair:1   | Killed Sonja
 11958 | Lair:1   | Found a runed translucent gate.
 11960 | Lair:1   | Found a runed translucent gate.
 11960 | Lair:1   | Found a runed translucent gate.
 12876 | Lair:1   | Reached ***** piety under Wu Jian
 13242 | Lair:2   | Reached XP level 13. HP: 80/80 MP: 13/13
 13476 | Lair:2   | Reached skill level 17 in Stealth
 13742 | Lair:2   | Found a staircase to the Snake Pit.
 15200 | Lair:2   | Found a staircase to the Snake Pit.
 15763 | Lair:3   | Reached skill level 10 in Fighting
 15788 | Lair:3   | Reached skill level 18 in Stealth
 15811 | Lair:3   | Found a staircase to the Shoals.
 16058 | Lair:3   | Noticed a five-headed hydra
 16071 | Lair:3   | Killed a five-headed hydra
 16096 | Lair:3   | Found a dark tunnel.
 16101 | Volcano  | Entered a volcano
 16183 | Volcano  | Found a radiant altar of Vehumet.
 16185 | Volcano  | Reached skill level 15 in Dodging
 16803 | Lair:4   | Noticed a seven-headed hydra
 16805 | Lair:4   | Killed a seven-headed hydra
 16806 | Lair:4   | Reached XP level 14. HP: 88/88 MP: 14/14
 16813 | Lair:4   | Identified the ring "Ezian" {rPois rC+ rN++ AC+4 Dex-4}
 17186 | Lair:4   | Identified the +5 falchion "Ilimp" {venom, Will++ Str+4
                  | Int+2}
 17420 | Lair:4   | You fall into a shaft and drop 1 floor!
 17420 | Lair:5   | Entered Level 5 of the Lair of Beasts
 17421 | Lair:5   | Reached skill level 19 in Stealth
 18142 | Lair:4   | Found a staircase to the Slime Pits.
 18142 | Lair:4   | Found a viscous altar of Jiyva.
 18571 | Lair:5   | Reached skill level 10 in Evocations
 19028 | Lair:5   | Reached skill level 20 in Stealth
 19215 | Lair:5   | Noticed a dire elephant
 19365 | Lair:5   | Killed a dire elephant
 19583 | Orc:1    | Entered Level 1 of the Orcish Mines
 19719 | Orc:1    | Reached XP level 15. HP: 28/95 MP: 15/15
 19878 | Orc:1    | Reached skill level 1 in Shields
 19983 | Orc:1    | Noticed Harold
 20244 | Orc:1    | Killed Harold
 20523 | Orc:2    | Entered Level 2 of the Orcish Mines
 20600 | Orc:2    | Reached ****** piety under Wu Jian
 20997 | Orc:2    | Found a staircase to the Elven Halls.
 21239 | Orc:2    | Found Vidyuppestoe's Magic Scroll Emporium.
 21241 | Orc:2    | Found Duwyshre's General Store.
 21949 | Orc:2    | Paralysed by an orc sorcerer for 5 turns
 21980 | Orc:2    | Found Zoineta's Antique Weapon Boutique.
 21980 | Orc:2    | Found Ecots's Book Shop.
 21980 | Orc:2    | Found a one-way gate leading to the halls of Pandemonium.
 22151 | Orc:2    | Found Zoineta's Antique Weapon Boutique.
 22151 | Orc:2    | Found Ecots's Book Shop.
 22152 | Orc:2    | Found a one-way gate leading to the halls of Pandemonium.
 22375 | Orc:2    | Found Duwyshre's General Store.
 22377 | Orc:2    | Found Vidyuppestoe's Magic Scroll Emporium.
 22683 | Orc:2    | Found a staircase to the Elven Halls.
 22851 | Orc:2    | Bought a scroll of identify for 28 gold pieces
 22851 | Orc:2    | Bought a scroll of enchant armour for 105 gold pieces
 22851 | Orc:2    | Bought a scroll of identify for 28 gold pieces
 22851 | Orc:2    | Bought a scroll of magic mapping for 105 gold pieces
 22851 | Orc:2    | Bought a scroll of teleportation for 42 gold pieces
 22851 | Orc:2    | Bought a scroll of blinking for 105 gold pieces
 22851 | Orc:2    | Bought a scroll of silence for 133 gold pieces
 22857 | Orc:2    | Bought a scroll of teleportation for 36 gold pieces
 22857 | Orc:2    | Bought a potion of haste for 120 gold pieces
 23105 | D:11     | Noticed Maurice
 23106 | D:11     | Killed Maurice
 23175 | D:11     | Reached skill level 21 in Stealth
 23358 | D:11     | Noticed Gastronok
 23359 | D:11     | Killed Gastronok
 23870 | D:12     | Found a gate leading to a gauntlet.
 23884 | Gauntlet | Entered a Gauntlet
 23891 | Gauntlet | Found a transporter.
 23914 | Gauntlet | Found a transporter.
 23914 | Gauntlet | Found a transporter.
 23932 | Gauntlet | Found a transporter.
 23932 | Gauntlet | Found a transporter.
 23954 | Gauntlet | Found a transporter.
 23961 | Gauntlet | Noticed a cacodemon
 23962 | Gauntlet | Found a runed translucent door.
 23992 | Gauntlet | Found a transporter.
 23992 | Gauntlet | Found a transporter.
 24008 | Gauntlet | Found a transporter.
 24041 | Gauntlet | Found a transporter.
 24041 | Gauntlet | Found a transporter.
 24045 | Gauntlet | Found a runed translucent door.
 24056 | Gauntlet | Found a transporter.
 24320 | Gauntlet | Identified the +2 hat of Hangman {rElec rPois rN++ Slay-5}
 24351 | Gauntlet | Identified the +7 leather armour of the Sun {*Slow rC++
                  | Dex+4}
 24365 | Gauntlet | HP: 4/96 [minotaur/+1 trident of venom (6)]
 24366 | Gauntlet | Slain by a minotaur

Illustrated notes

Levels and vault maps discovered:
D:1:      lightli_arrival_farm, layout_loops_ring
D:2:      layout_loops_ring, chequers_jeans, minmay_curled_crystal,
          kennysheep_cross_bottleneck, uniq_jessica
D:3:      layout_loops_ring, nicolae_kikubaaqudgha_miasma_corner,
          hellmonk_ecumenical_altar_dog_temple, gammafunk_ghost_abyssal_escape,
          eino_tiny_chamber, kennysheep_orc_chapel
D:4:      minmay_chambers_of_threes, layout_cave_pods,
          okawaru_metal_pillars_1_2, serial_shops, shop
D:5:      layout_loops_ring, mainiacjoe_overflow_paths, kennysheep_little_box,
          serial_shops, nicolae_lakefront_shop, minmay_misc_feat_hallway,
          uniq_prince_ribbit1
D:6:      layout_loops_ring, mainiacjoe_overflow_alcove_3, uniq_edmund
D:7:      minmay_chambers_of_sevens, layout_basic, minmay_temple_entry_arrows,
          minmay_a_box_with_orc_wizards_in_it
D:8:      layout_cave_pools, due_lair_maze_entry_diamond, enter_bailey_2,
          minmay_statues_item
D:9:      layout_gridville, nicolae_vehumet_radiance, serial_glass,
          glass_columns_a, glass_columns_c, nicolae_diode_quadrants, uniq_psyche
D:10:     layout_basic, david_orc_2, serial_shops, shop
D:11:     layout_basic, uniq_gastronok, uniq_maurice
D:12:     layout_basic, gauntlet_entry_generic
Temple:   cyrus_circular_temple
Lair:1:   minmay_lair_venomous_thicket, layout_layer_cave,
          maelrawn_ghost_gauntlet_escape, uniq_sonja
Lair:2:   nzn_winding_woodlands_small [nzn_winding_woodlands_5x15_zeroes,
          nzn_winding_woodlands_center_triple_pond,
          nzn_winding_woodlands_5x15_pool], layout_cave_pods,
          minmay_snake_entry_guardpost_medium
Lair:3:   layout_chaotic_city, shoals_dummy_entry, nicolae_volcano_entry_s_turn,
          grunt_megastairs_2
Lair:4:   layout_long_grid, slime_entry_1, grunt_megastairs_3,
          serial_bayou_shore_b
Lair:5:   grunt_lair_end_beastmaster, layout_big_grid
Orc:1:    layout_diamond_mine, nooodl_orcs_dogs, uniq_harold
Orc:2:    pf_orc_diabolical, layout_diamond_mine
Gauntlet: minmay_gauntlet_mixed_big_or_small [nicolae_gauntlet_arena_blocks,
          minmay_gauntlet_arena_77_tiled_triplets, nicolae_gauntlet_arena_x,
          minmay_gauntlet_arena_77_terracotta_army,
          gammafunk_gauntlet_arena_spirals, minmay_gauntlet_arena_77_shame_cube,
          nicolae_gauntlet_exit_dead_adventurers]

Skill      XL: |  1  2  3  4  5  6  7  8  9 10 11 12 13 14 15 |
---------------+----------------------------------------------+-----
Short Blades   | 3 4 5 6 8 9 10 11 | 11.3
Dodging        | 2 3 4 5 6 8 10 12 13 15 16 17 | 17.5
Stealth        | 6 7 8 9 11 13 15 16 18 20 21 | 21.1
Fighting       | 3 4 5 6 8 9 10 11 12 | 12.0
Evocations     | 3 4 6 7 9 10 11 | 11.0
Shields        | 4 |  4.0
Throwing       | |  2.3

Action                   |  1- 3 |  4- 6 |  7- 9 | 10-12 | 13-15 || total
-------------------------+-------+-------+-------+-------+-------++-------
Melee: Dagger            |    64 |   261 |   528 |   899 |  1359 ||  3111
       Punch             |     1 |     3 |     8 |    13 |    16 ||    41
       Rapier            |       |       |       |       |   668 ||   668
Throw: Dart              |     7 |    13 |    34 |       |       ||    54
Invok: Lunge             |       |       |     7 |    57 |    48 ||   112
       Whirlwind         |       |       |       |   236 |   746 ||   982
       Serpent's Lash    |       |       |       |       |    17 ||    17
       Heavenly Storm    |       |       |       |       |     1 ||     1
 Abil: Wall Jump         |       |       |       |    11 |    13 ||    24
Evoke: Wand              |       |     3 |    10 |    12 |    15 ||    40
  Use: Scroll            |       |       |     1 |     8 |     9 ||    18
       Potion            |       |       |     1 |       |     5 ||     6
 Stab: Sleeping          |    13 |    19 |    24 |    73 |    94 ||   223
       Paralysed         |       |       |       |     3 |     3 ||     6
       Distracted        |       |       |       |     6 |     6 ||    12
       Invisible         |       |       |       |       |     7 ||     7
Armor: Robe              |     7 |    75 |   124 |     5 |       ||   211
       Troll leather arm |       |       |       |   112 |   216 ||   328
Dodge: Dodged            |    41 |   177 |   404 |   463 |  1198 ||  2283
Block: Buckler           |       |       |       |       |   121 ||   121

Table legend: (Time is in decaauts)
 A = Elapsed time spent in this place.
 B = Non-inter-level travel time spent in this place.
 C = Inter-level travel time spent in this place.
 D = Time resting spent in this place.
 E = Time spent auto-exploring this place.
 F = Levels seen in this place.
 G = Mean time per level.
                   A        B        C        D        E       F      G
               +--------+--------+--------+--------+--------+-----+--------+
         Total |  23786 |  22198 |   1588 |    833 |  16175 |  23 | 1034.2 |
       Dungeon |  12191 |  11339 |    852 |    534 |   8446 |  12 | 1015.9 |
        Temple |     98 |     89 |      9 |      0 |     74 |   1 |   98.0 |
          Lair |   7632 |   7153 |    479 |    141 |   5573 |   5 | 1526.4 |
  Orcish Mines |   2916 |   2668 |    248 |    109 |   1897 |   2 | 1458.0 |
        Bailey |    245 |    245 |      0 |     24 |     57 |   1 |  245.0 |
       Volcano |    238 |    238 |      0 |     25 |     45 |   1 |  238.0 |
      Gauntlet |    462 |    462 |      0 |      0 |     81 |   1 |  462.0 |
               +--------+--------+--------+--------+--------+-----+--------+

Top non-repeatable levels by time:
  Lair:2: 2523 daAuts
   Orc:2: 1934 daAuts
     D:7: 1619 daAuts
  Lair:5: 1541 daAuts
  Lair:1: 1484 daAuts
     D:9: 1423 daAuts
     D:4: 1317 daAuts
     D:3: 1229 daAuts
  Lair:4: 1187 daAuts
     D:5: 1112 daAuts
     D:1: 1051 daAuts
   Orc:1: 982 daAuts
     D:2: 951 daAuts
    D:10: 908 daAuts
  Lair:3: 896 daAuts
